[Event "8th RTU Open 2018"]
[Site "Riga"]
[Date "2018.08.10"]
[Round "7"]
[White "Petrosyan, Manuel"]
[Black "Sinz, Bernhard"]
[Result "1-0"]
[ECO "D44"]
[WhiteElo "2567"]
[BlackElo "2377"]
[Annotator "ChessBase"]
[PlyCount "74"]
[EventDate "2018.08.06"]
[EventType "swiss"]
[EventCountry "LAT"]
[SourceTitle "playchess.com"]
[Source "ChessBase"]
[SourceQuality "1"]
[TimeControl "5400+30"]

1. d4 d5 2. c4 e6 3. Nc3 c6 4. Nf3 Nf6 5. Bg5 dxc4 6. e4 b5 7. e5 h6 8. Bh4 g5 9. Nxg5 hxg5 10. Bxg5 Nbd7 11. exf6 Bb7 12. g3 Qb6 13. Bg2 O-O-O 14. O-O c5 15. d5 b4 16. Rb1 Qa6 17. dxe6 Bxg2 18. e7 Bxf1 19. Kxf1 Bxe7 20. fxe7 Rdg8 21. Ne4 Rxg5 22. Nxg5 Qg6 23. Nf3 Re8 24. Rc1 Qe4 25. Qe2 Qxe2+ 26. Kxe2 Rxe7+ 27. Kf1 Nb6 28. Nd2 c3 29. bxc3 Kb7 30. Nb3 Re5 31. cxb4 cxb4 32. Nc5+ Ka8 33. Na6 Re4 34. Rb1 Nd5 35. a3 Re6 36. Nxb4 Rb6 37. Rb2 Kb7 1-0

[Event "8th RTU Open 2018"]
[Site "Riga"]
[Date "2018.08.10"]
[Round "7"]
[White "Repka, Christopher"]
[Black "Carlsson, Pontus"]
[Result "1/2-1/2"]
[ECO "E59"]
[WhiteElo "2528"]
[BlackElo "2442"]
[Annotator "ChessBase"]
[PlyCount "47"]
[EventDate "2018.08.06"]
[EventType "swiss"]
[EventCountry "LAT"]
[SourceTitle "playchess.com"]
[Source "ChessBase"]
[SourceQuality "1"]
[TimeControl "5400+30"]

1. d4 e6 2. c4 Nf6 3. Nc3 Bb4 4. e3 O-O 5. Bd3 d5 6. Nf3 dxc4 7. Bxc4 c5 8. O-O Nc6 9. a3 Bxc3 10. bxc3 Qc7 11. Qe2 e5 12. d5 e4 13. Nd2 Ne5 14. Ba2 Bf5 15. h3 Bg6 16. c4 Rfe8 17. Bb2 Bh5 18. f3 exf3 19. gxf3 Ng6 20. Rae1 Rxe3 21. Qxe3 Qg3+ 22. Kh1 Qxh3+ 23. Kg1 Qg3+ 24. Kh1 1/2-1/2

[Event "8th RTU Open 2018"]
[Site "Riga"]
[Date "2018.08.10"]
[Round "7"]
[White "Samolins, Vitalijs"]
[Black "Chukavin, Kirill"]
[Result "1/2-1/2"]
[ECO "B24"]
[WhiteElo "2419"]
[BlackElo "2291"]
[Annotator "NA"]
[PlyCount "124"]
[EventDate "2018.08.06"]
[EventType "swiss"]
[EventCountry "LAT"]
[SourceTitle "playchess.com"]
[Source "ChessBase"]
[SourceQuality "1"]
[TimeControl "5400+30"]

1. e4 c5 2. Nc3 Nc6 3. Bb5 e5 4. Bxc6 bxc6 5. d3 Ne7 6. f4 exf4 7. Qf3 Ng6 8. Nge2 Qh4+ 9. g3 fxg3 10. hxg3 Qe7 11. Bf4 d6 12. d4 cxd4 13. Nxd4 Ne5 14. Qe2 a5 15. Bxe5 dxe5 16. Nf5 Qb4 17. Qd2 g6 18. O-O-O Be6 19. a3 Qb8 20. Qg5 gxf5 21. exf5 h5 22. Kb1 Bxa3 23. Na4 Bd5 24. Rhe1 Qd6 25. c4 f6 26. Qg6+ Bf7 27. Rxd6 Bxg6 28. Rxf6 Bf7 29. bxa3 O-O 30. Rxe5 Bxc4 31. Rg6+ Kh7 32. Rxc6 Rxf5 33. Re7+ Bf7 34. Nc5 Rb8+ 35. Kc1 Rf1+ 36. Kd2 Rb2+ 37. Kc3 Rg2 38. Re3 Rc1+ 39. Kd4 Rd2+ 40. Ke5 Rd5+ 41. Kf6 Bg6 42. Re7+ Kh6 43. Re5 Rxe5 44. Kxe5 Rc3 45. Kf4 Rxa3 46. Ra6 Ra1 47. Ra7 Rf1+ 48. Ke3 Rg1 49. Kf4 Rf1+ 50. Ke3 Rg1 51. Kf4 Ra1 52. Ra6 Rf1+ 53. Ke3 Kg5 54. Rxa5 Kg4 55. Nd7 Rf3+ 56. Ke2 Rxg3 57. Ne5+ Kh4 58. Kf2 Be8 59. Ra8 Rg8 60. Rb8 Rf8+ 61. Nf3+ Kg4 62. Rb4+ Rf4 1/2-1/2

[Event "8th RTU Open 2018"]
[Site "Riga"]
[Date "2018.08.10"]
[Round "7"]
[White "Lapshun, Yury"]
[Black "Gurvich, Vitaly"]
[Result "1/2-1/2"]
[ECO "B15"]
[WhiteElo "2403"]
[BlackElo "2272"]
[Annotator "NA"]
[PlyCount "247"]
[EventDate "2018.08.06"]
[EventType "swiss"]
[EventCountry "LAT"]
[SourceTitle "playchess.com"]
[Source "ChessBase"]
[SourceQuality "1"]
[TimeControl "5400+30"]

1. e4 c6 2. d4 d5 3. Nd2 dxe4 4. Nxe4 Nf6 5. Ng3 g6 6. Nf3 Bg7 7. Bc4 O-O 8. O-O Bg4 9. c3 Nbd7 10. Re1 e6 11. h3 Bxf3 12. Qxf3 Re8 13. Ne4 Nxe4 14. Rxe4 Nf6 15. Re1 Nd5 16. Bd2 Qd7 17. Rad1 b5 18. Bb3 a5 19. Bc1 a4 20. Bc2 Rac8 21. h4 h5 22. g3 Nf6 23. Bg5 Nd5 24. Be4 Rb8 25. Kg2 Rbc8 26. Qd3 Ra8 27. Kg1 Kh7 28. Bf3 Kg8 29. g4 hxg4 30. Bxg4 Bf6 31. Qg3 Bxg5 32. hxg5 Qc7 33. Re5 Kg7 34. Kg2 Rh8 35. Rh1 Rxh1 36. Kxh1 a3 37. b4 Rh8+ 38. Kg1 Qd6 39. Be2 Qe7 40. Re4 Qc7 41. Re5 Qd6 42. Bf1 Qc7 43. Bg2 Qd6 44. Be4 Qc7 45. Kf1 Qb8 46. Bg2 Qd6 47. Ke2 Qb8 48. Kd2 Qd6 49. Kc2 Qb8 50. Be4 Rh5 51. Bf3 Rh8 52. Re2 Qd8 53. Re1 Kg8 54. Rh1 Rxh1 55. Bxh1 Kg7 56. Qe5+ Kg8 57. Be4 Kh7 58. Kd2 Kg8 59. Kd3 Kh7 60. Kc2 Kg8 61. Qg3 Kh7 62. Qe5 Kg8 63. Kd2 Kh7 64. Bc2 Kg8 65. Bb3 Kh7 66. Bd1 Kg8 67. Bf3 Kh7 68. Kc2 Kg8 69. Kb3 Qa8 70. Kc2 Qd8 71. Be4 Kh7 72. Bxd5 cxd5 73. Qe2 Qb6 74. Kd2 Kg8 75. Kc2 Kh7 76. Qf1 Kg8 77. Kd2 Qb8 78. Kc2 Qb6 79. Qc1 Qa6 80. Kb1 Qa7 81. Kc2 Qa6 82. Kd3 Qa7 83. Kd2 Qa6 84. Ke3 Qa7 85. Kf3 Qa6 86. Ke2 Qa7 87. Qf4 Qb6 88. Qc1 Qa6 89. Kd1 Qa4+ 90. Qc2 Qa6 91. Qc1 Qa4+ 92. Ke2 Qa6 93. Ke1 Qa4 94. Kd2 Qa6 95. Kd3 Qa4 96. Qe1 Qa6 97. Qc1 Qa4 98. Kd2 Qa6 99. Kc2 Qa4+ 100. Kb1 Qa6 101. Qf1 Qc6 102. Kc2 Qa6 103. Qe2 Qa4+ 104. Kc1 Qa6 105. Kd2 Qc6 106. Qd3 Qa6 107. Qg3 Qb6 108. Kc2 Kh7 109. Qf4 Kg8 110. Kd2 Kg7 111. Qf6+ Kg8 112. Qe7 Qb8 113. Ke3 Qc8 114. Qc5 Qb7 115. Ke2 Kg7 116. Ke3 Kg8 117. Kd3 Kg7 118. Kc2 Kg8 119. f3 Kg7 120. Qd6 Qc8 121. Qc5 Qb7 122. Kb3 Qa6 123. Kc2 Qb7 124. Kb3 1/2-1/2

[Event "8th RTU Open 2018"]
[Site "Riga"]
[Date "2018.08.10"]
[Round "7"]
[White "Miedema, David"]
[Black "Sorensen, Hampus"]
[Result "1-0"]
[ECO "D43"]
[WhiteElo "2397"]
[BlackElo "2267"]
[Annotator "NA"]
[PlyCount "87"]
[EventDate "2018.08.06"]
[EventType "swiss"]
[EventCountry "LAT"]
[SourceTitle "playchess.com"]
[Source "ChessBase"]
[SourceQuality "1"]
[TimeControl "5400+30"]

1. d4 d5 2. c4 c6 3. Nf3 Nf6 4. Nc3 e6 5. g3 dxc4 6. Bg2 b5 7. O-O Bb7 8. a4 a6 9. Ne5 Qb6 10. e4 Nbd7 11. Nxd7 Nxd7 12. e5 b4 13. a5 Qc7 14. Ne4 c5 15. Nd6+ Bxd6 16. exd6 Qb8 17. Qg4 Bxg2 18. Qxg7 Rf8 19. Kxg2 Qxd6 20. dxc5 Qd5+ 21. f3 O-O-O 22. c6 Qxc6 23. Be3 Nc5 24. Rad1 Nd3 25. Bb6 Rde8 26. b3 Nf4+ 27. Kh1 Nd5 28. bxc4 Nxb6 29. axb6 Rd8 30. c5 a5 31. Kg2 a4 32. Qe5 f6 33. Qf4 b3 34. Ra1 e5 35. Qg4+ Kb7 36. Rxa4 Qxc5 37. Qg7+ Kxb6 38. Qa7+ Kc6 39. Ra6+ Kd5 40. Rd1+ Qd4 41. Qb7+ Kc4 42. Qc6+ Qc5 43. Ra4+ Kc3 44. Qxc5+ 1-0

[Event "8th RTU Open 2018"]
[Site "Riga"]
[Date "2018.08.10"]
[Round "7"]
[White "Akesson, Ralf"]
[Black "Priyanka, Nutakki"]
[Result "1/2-1/2"]
[ECO "A05"]
[WhiteElo "2389"]
[BlackElo "2212"]
[Annotator "NA"]
[PlyCount "57"]
[EventDate "2018.08.06"]
[EventType "swiss"]
[EventCountry "LAT"]
[SourceTitle "playchess.com"]
[Source "ChessBase"]
[SourceQuality "1"]
[TimeControl "5400+30"]

1. Nf3 Nf6 2. c4 b6 3. Nc3 Bb7 4. d4 e6 5. a3 Be7 6. d5 d6 7. e4 e5 8. b4 Nbd7 9. Bd3 O-O 10. O-O a5 11. Be3 g6 12. Nd2 Nh5 13. Nb3 axb4 14. axb4 Rxa1 15. Qxa1 Bg5 16. Qc1 Bxe3 17. Qxe3 f5 18. Ra1 Nf4 19. Bf1 Nf6 20. Nd2 Ng4 21. Qe1 Qg5 22. f3 Ne3 23. Qg3 Qh6 24. Ra7 Nh5 25. Qe1 Rb8 26. Ra2 Rf8 27. Ra7 Rb8 28. Ra2 Rf8 29. Ra7 1/2-1/2

[Event "8th RTU Open 2018"]
[Site "Riga"]
[Date "2018.08.10"]
[Round "7"]
[White "Rostgaard, Tobias Valentin"]
[Black "Bolsakovs, Vadims"]
[Result "1-0"]
[ECO "B13"]
[WhiteElo "2386"]
[BlackElo "2197"]
[Annotator "NA"]
[PlyCount "147"]
[EventDate "2018.08.06"]
[EventType "swiss"]
[EventCountry "LAT"]
[SourceTitle "playchess.com"]
[Source "ChessBase"]
[SourceQuality "1"]
[TimeControl "5400+30"]

1. e4 c6 2. d4 d5 3. exd5 cxd5 4. Bd3 Nc6 5. c3 Nf6 6. Bf4 g6 7. Nd2 Bf5 8. Bxf5 gxf5 9. h4 Rg8 10. Ne2 e6 11. Kf1 Ne4 12. f3 Nf6 13. h5 Bd6 14. Qe1 Bxf4 15. Nxf4 Qd6 16. Qe3 O-O-O 17. Re1 Rg3 18. Ne2 Rg7 19. Qh6 Ne8 20. Nb3 Ne7 21. Nc5 b6 22. Nd3 Ng8 23. Qe3 h6 24. Ne5 Kb7 25. a4 Nef6 26. a5 Nd7 27. axb6 Nxe5 28. dxe5 Qxb6 29. Qd2 Ne7 30. Rh4 Nc6 31. Nd4 Rdg8 32. Re2 Rg3 33. Qe3 Qa6 34. Rh2 Nxd4 35. cxd4 Ka8 36. Kf2 R3g5 37. Rc2 Qa4 38. Qc3 Rb8 39. Rh1 Rgg8 40. Rhc1 Rgc8 41. Qd2 Rxc2 42. Rxc2 Qb4 43. Qe3 Qb3 44. Rd2 Qc4 45. Qxh6 Qc1 46. Qe3 Qh1 47. Qg5 Rh8 48. Rc2 Qxh5 49. Qxh5 Rxh5 50. Rc7 Rh7 51. Ke3 Rg7 52. b4 Kb8 53. Re7 a6 54. g3 Ka8 55. Kf4 Kb8 56. g4 fxg4 57. fxg4 Ka8 58. g5 Kb8 59. g6 Rxg6 60. Rxf7 Rg1 61. Rf6 Re1 62. Rxe6 Re4+ 63. Kf5 Rxd4 64. Rxa6 Rxb4 65. Rd6 d4 66. e6 Kc7 67. e7 Kxd6 68. e8=Q Kd5 69. Qe6+ Kc5 70. Ke4 Kb5 71. Kd5 Ka4 72. Qa6+ Kb3 73. Qd3+ Kb2 74. Kc5 1-0

[Event "8th RTU Open 2018"]
[Site "Riga"]
[Date "2018.08.10"]
[Round "7"]
[White "Saveliev, Alexei"]
[Black "Kukk, Sander"]
[Result "0-1"]
[ECO "B06"]
[WhiteElo "2382"]
[BlackElo "2194"]
[Annotator "NA"]
[PlyCount "44"]
[EventDate "2018.08.06"]
[EventType "swiss"]
[EventCountry "LAT"]
[SourceTitle "playchess.com"]
[Source "ChessBase"]
[SourceQuality "1"]
[TimeControl "5400+30"]

1. e4 g6 2. h4 h5 3. d4 Bg7 4. Nc3 d6 5. Be3 c6 6. Qd2 Nf6 7. f3 b5 8. Nh3 Bxh3 9. Rxh3 Nbd7 10. O-O-O a6 11. Kb1 Qc7 12. Ne2 e5 13. Rh1 d5 14. exd5 Nxd5 15. Bg5 N7b6 16. Qa5 O-O 17. g4 hxg4 18. fxg4 exd4 19. h5 Qe5 20. h6 Nc4 21. Qe1 d3 22. Nc3 Na3+ 0-1

[Event "8th RTU Open 2018"]
[Site "Riga"]
[Date "2018.08.10"]
[Round "7"]
[White "Nikitenko, Mihail"]
[Black "Smirnova, Ekaterina"]
[Result "1-0"]
[ECO "C05"]
[WhiteElo "2374"]
[BlackElo "2165"]
[Annotator "NA"]
[PlyCount "109"]
[EventDate "2018.08.06"]
[EventType "swiss"]
[EventCountry "LAT"]
[SourceTitle "playchess.com"]
[Source "ChessBase"]
[SourceQuality "1"]
[TimeControl "5400+30"]

1. e4 e6 2. d4 d5 3. Nd2 Nf6 4. e5 Nfd7 5. f4 c5 6. c3 Nc6 7. Ndf3 Qb6 8. g3 Be7 9. Ne2 O-O 10. Bh3 cxd4 11. cxd4 f6 12. exf6 Nxf6 13. O-O Ne4 14. Kg2 Bf6 15. Ne5 a5 16. Rb1 a4 17. b4 axb3 18. Rxb3 Qa7 19. Ra3 Qb8 20. Qb3 Nxe5 21. fxe5 Be7 22. Rxf8+ Bxf8 23. Rxa8 Qxa8 24. Nf4 Qa6 25. Qc2 b5 26. Qxc8 Qxc8 27. Bxe6+ Qxe6 28. Nxe6 Nc3 29. Nc7 b4 30. Kf3 Be7 31. Bb2 Bd8 32. Ne6 Ba5 33. Nc5 Nxa2 34. Nb3 Bb6 35. Ke3 Kf7 36. Kd3 Ke6 37. Kc2 Kf5 38. Kb1 Nc3+ 39. Bxc3 bxc3 40. Kc2 Kg4 41. e6 Bd8 42. Na5 Kh3 43. Nc6 Bf6 44. Nb4 Kxh2 45. Nxd5 Bd8 46. e7 Bxe7 47. Nxe7 Kxg3 48. d5 h5 49. d6 g5 50. d7 h4 51. d8=Q h3 52. Qd3+ Kg2 53. Nf5 g4 54. Qe2+ Kh1 55. Qf2 1-0

[Event "8th RTU Open 2018"]
[Site "Riga"]
[Date "2018.08.10"]
[Round "7"]
[White "Hedman, Erik"]
[Black "Huber, Philipp"]
[Result "1-0"]
[ECO "A53"]
[WhiteElo "2370"]
[BlackElo "2189"]
[Annotator "NA"]
[PlyCount "111"]
[EventDate "2018.08.06"]
[EventType "swiss"]
[EventCountry "LAT"]
[SourceTitle "playchess.com"]
[Source "ChessBase"]
[SourceQuality "1"]
[TimeControl "5400+30"]

1. d4 Nf6 2. c4 d6 3. Nf3 Nbd7 4. Nc3 c6 5. e4 e5 6. Be2 Be7 7. O-O O-O 8. Qc2 Qc7 9. Rd1 Re8 10. Bg5 Nf8 11. h3 Nh5 12. Be3 g6 13. Rac1 Qb8 14. b4 Ne6 15. Bf1 exd4 16. Nxd4 Bg5 17. Qd2 Bxe3 18. Qxe3 a5 19. b5 Qc7 20. Qd2 Rd8 21. g3 Nhg7 22. Rc2 Bd7 23. Nf3 Be8 24. Qh6 f6 25. Rcd2 Nc5 26. Qf4 Nh5 27. Qe3 Qe7 28. Nd4 Ng7 29. Bg2 Rac8 30. Re1 Qf7 31. Bf1 Qf8 32. Red1 a4 33. Nc2 Bf7 34. Be2 Nge6 35. h4 h5 36. Bf1 Nc7 37. Qf4 Ne8 38. Nb4 Be6 39. Nd3 Nxd3 40. Bxd3 Ra8 41. Qe3 Qf7 42. c5 a3 43. Bf1 Qf8 44. Qf4 Rd7 45. bxc6 bxc6 46. cxd6 Rad8 47. e5 fxe5 48. Qxe5 Rxd6 49. Ne4 Bd5 50. Nxd6 Nxd6 51. Bg2 Nf7 52. Bxd5 cxd5 53. Rxd5 Re8 54. Qf6 Ne5 55. Qxf8+ Kxf8 56. Rd8 1-0

[Event "8th RTU Open 2018"]
[Site "Riga"]
[Date "2018.08.10"]
[Round "7"]
[White "Oboladze, Luka"]
[Black "Berzinsh, Roland"]
[Result "0-1"]
[ECO "A05"]
[WhiteElo "2349"]
[BlackElo "2408"]
[Annotator "NA"]
[PlyCount "64"]
[EventDate "2018.08.06"]
[EventType "swiss"]
[EventCountry "LAT"]
[SourceTitle "playchess.com"]
[Source "ChessBase"]
[SourceQuality "1"]
[TimeControl "5400+30"]

1. Nf3 Nf6 2. g3 c5 3. Bg2 d5 4. c4 d4 5. e3 Nc6 6. exd4 cxd4 7. O-O e6 8. d3 Bd6 9. Na3 O-O 10. Nc2 e5 11. b4 Nxb4 12. Nxb4 Bxb4 13. Nxe5 Qa5 14. Rb1 Bc3 15. Rb5 Qxa2 16. Bg5 Qa6 17. Qb3 Qe6 18. f4 a5 19. Rb6 a4 20. Qb1 Qe8 21. Bxf6 gxf6 22. Rxf6 Qe7 23. Rh6 f6 24. Be4 fxe5 25. Rxh7 Rf7 26. Rxf7 Kxf7 27. fxe5+ Kg7 28. Qd1 Qxe5 29. Rf4 a3 30. Qf3 Be6 31. Rh4 a2 32. Rh7+ Kg8 0-1

[Event "8th RTU Open 2018"]
[Site "Riga"]
[Date "2018.08.10"]
[Round "7"]
[White "Sawlin, Leonid"]
[Black "Narva, Triin"]
[Result "1-0"]
[ECO "C41"]
[WhiteElo "2346"]
[BlackElo "2117"]
[Annotator "NA"]
[PlyCount "95"]
[EventDate "2018.08.06"]
[EventType "swiss"]
[EventCountry "LAT"]
[SourceTitle "playchess.com"]
[Source "ChessBase"]
[SourceQuality "1"]
[TimeControl "5400+30"]

1. e4 d6 2. d4 Nf6 3. Nc3 e5 4. Nf3 Nbd7 5. Bc4 Be7 6. O-O O-O 7. Re1 c6 8. a4 a5 9. h3 Qc7 10. b3 exd4 11. Nxd4 Nc5 12. Bf4 Nfd7 13. Nf5 Ne5 14. Nxe7+ Qxe7 15. Bf1 Qf6 16. Qd2 h6 17. Rad1 g5 18. Be3 Bxh3 19. Qxd6 Qxd6 20. Rxd6 Ne6 21. f3 Nf4 22. gxh3 Nxf3+ 23. Kf2 Nxe1 24. Kxe1 Ng6 25. Bb6 Rfe8 26. Bc4 Ne5 27. Rxh6 Nxc4 28. bxc4 Kg7 29. Rd6 Re6 30. Rd3 Kg6 31. Kf2 f5 32. exf5+ Kxf5 33. Rd7 Rh8 34. Kg2 Rh4 35. Nd1 Re2+ 36. Kf3 Ree4 37. Ne3+ Ke6 38. Rxb7 Re5 39. Kg2 Rhe4 40. Rb8 Kf7 41. Rb7+ Kg6 42. Ng4 Re6 43. c3 Rxc4 44. Bd4 Rxa4 45. Kf3 Ra1 46. Rg7+ Kf5 47. Ne3+ Rxe3+ 48. Bxe3 {[%emt 0:00:08] Ke4+ Kxe4} 1-0

[Event "8th RTU Open 2018"]
[Site "Riga"]
[Date "2018.08.10"]
[Round "7"]
[White "Dhulipalla, Bala Chandra Prasad"]
[Black "Adocchio, Giampiero"]
[Result "1-0"]
[ECO "D02"]
[WhiteElo "2333"]
[BlackElo "2136"]
[Annotator "NA"]
[PlyCount "123"]
[EventDate "2018.08.06"]
[EventType "swiss"]
[EventCountry "LAT"]
[SourceTitle "playchess.com"]
[Source "ChessBase"]
[SourceQuality "1"]
[TimeControl "5400+30"]

1. d4 Nf6 2. Nf3 d5 3. Bf4 c5 4. e3 Nc6 5. Nbd2 e6 6. c3 Bd6 7. Bg3 O-O 8. Bb5 Ne7 9. Bd3 cxd4 10. exd4 b6 11. Qe2 Bb7 12. Ne5 Nf5 13. O-O Nxg3 14. fxg3 Bxe5 15. Qxe5 Re8 16. Rae1 Qe7 17. Rf3 Nd7 18. Qc7 Nf8 19. Qf4 Rac8 20. g4 Qc7 21. Qg5 f6 22. Qh5 e5 23. dxe5 Rxe5 24. Rxe5 Qxe5 25. Qxe5 fxe5 26. Bc2 g6 27. Bb3 Nd7 28. Ne4 Rd8 29. Nf6+ Nxf6 30. Rxf6 Bc8 31. h3 Kg7 32. Rc6 Kh6 33. Rc7 d4 34. cxd4 exd4 35. Kf2 d3 36. Bd1 a5 37. h4 g5 38. Rc6+ Kg7 39. h5 d2 40. h6+ Kf7 41. Rc7+ Kg6 42. Rc6+ Kf7 43. Rxb6 Rd4 44. Ke3 Rd5 45. Rc6 Be6 46. Rc7+ Kg6 47. Rc6 Kf7 48. a3 Bxg4 49. Bxg4 d1=Q 50. Bxd1 Rxd1 51. Rc5 Rb1 52. Rxa5 Rxb2 53. g4 Rg2 54. Rxg5 Rg3+ 55. Kf4 Rxa3 56. Rg7+ Kf6 57. g5+ Ke6 58. Kg4 Ra4+ 59. Kh5 Ra1 60. Rxh7 Rh1+ 61. Kg6 Rg1 62. Ra7 1-0

[Event "8th RTU Open 2018"]
[Site "Riga"]
[Date "2018.08.10"]
[Round "7"]
[White "Vaishali R"]
[Black "Kulaots, Kaido"]
[Result "1/2-1/2"]
[ECO "B51"]
[WhiteElo "2294"]
[BlackElo "2554"]
[Annotator "ChessBase"]
[PlyCount "130"]
[EventDate "2018.08.06"]
[EventType "swiss"]
[EventCountry "LAT"]
[SourceTitle "playchess.com"]
[Source "ChessBase"]
[SourceQuality "1"]
[TimeControl "5400+30"]

1. e4 c5 2. Nf3 d6 3. Bb5+ Nd7 4. c3 Ngf6 5. Qe2 a6 6. Ba4 e6 7. O-O Be7 8. d4 cxd4 9. cxd4 b5 10. Bc2 Bb7 11. a4 O-O 12. Nbd2 bxa4 13. Rxa4 a5 14. b3 Nb8 15. Bd3 Nc6 16. Ba3 d5 17. e5 Nd7 18. Bxe7 Qxe7 19. h4 h6 20. Rc1 Rfc8 21. Raa1 Qd8 22. Nf1 Qb6 23. Qe3 Nb4 24. Ng3 Ba6 25. Bxa6 Qxa6 26. Rxc8+ Rxc8 27. Rc1 Nf8 28. Ne1 Ng6 29. h5 Ne7 30. Rxc8+ Qxc8 31. Nd3 Nc2 32. Qd2 Nxd4 33. Qxa5 Nxb3 34. Qb4 Nc1 35. Nc5 Qc7 36. Qa3 Na2 37. Kh2 Nc8 38. f4 Qa7 39. Qxa7 Nxa7 40. f5 d4 41. fxe6 fxe6 42. Nxe6 d3 43. Ne4 Nc6 44. N6c5 Nxe5 45. Kg3 Nb4 46. Nd2 Nd5 47. Nf3 Nxf3 48. Kxf3 d2 49. Ke2 Ne3 50. Kxd2 Nxg2 51. Nd3 Kf7 52. Ke2 Kf6 53. Kf3 Nh4+ 54. Kf4 Nf5 55. Ne5 Nd6 56. Ng4+ Ke6 57. Ne3 Ne8 58. Nf5 Kf7 59. Ng3 Nf6 60. Kf5 Nd5 61. Ke5 Ne7 62. Ne4 Nc6+ 63. Kf5 Ke7 64. Kg6 Kf8 65. Kf5 Kf7 1/2-1/2

[Event "8th RTU Open 2018"]
[Site "Riga"]
[Date "2018.08.10"]
[Round "7"]
[White "Meessen, Rudolf"]
[Black "Kollars, Dmitrij"]
[Result "0-1"]
[ECO "D00"]
[WhiteElo "2281"]
[BlackElo "2549"]
[Annotator "ChessBase"]
[PlyCount "60"]
[EventDate "2018.08.06"]
[EventType "swiss"]
[EventCountry "LAT"]
[SourceTitle "playchess.com"]
[Source "ChessBase"]
[SourceQuality "1"]
[TimeControl "5400+30"]

1. d4 d5 2. Bf4 Nf6 3. e3 c5 4. Nc3 cxd4 5. exd4 a6 6. Nf3 Nc6 7. Ne5 e6 8. Nxc6 bxc6 9. Na4 Bd6 10. Bxd6 Qxd6 11. Bd3 O-O 12. O-O Nd7 13. Re1 Re8 14. c4 e5 15. dxe5 Rxe5 16. Qd2 Bb7 17. c5 Qf6 18. Qb4 Rae8 19. Rxe5 Nxe5 20. Re1 Re7 21. Bxa6 g5 22. Bf1 d4 23. Rd1 Rd7 24. Nb6 Rd8 25. a4 d3 26. Qc3 Ba6 27. Re1 Qf4 28. Rd1 Ng4 29. Bxd3 Qxh2+ 30. Kf1 Re8 0-1

[Event "8th RTU Open 2018"]
[Site "Riga"]
[Date "2018.08.10"]
[Round "7"]
[White "Jacobs, Florian"]
[Black "Bernotas, Arturs"]
[Result "0-1"]
[ECO "E48"]
[WhiteElo "2255"]
[BlackElo "2406"]
[Annotator "NA"]
[PlyCount "42"]
[EventDate "2018.08.06"]
[EventType "swiss"]
[EventCountry "LAT"]
[SourceTitle "playchess.com"]
[Source "ChessBase"]
[SourceQuality "1"]
[TimeControl "5400+30"]

1. d4 Nf6 2. c4 e6 3. Nc3 Bb4 4. e3 O-O 5. Bd3 d5 6. cxd5 exd5 7. Nge2 Re8 8. Bd2 b6 9. O-O Bb7 10. Rc1 a6 11. f3 c5 12. Qe1 Nc6 13. Qh4 Ne7 14. a3 Ba5 15. Nf4 Ng6 16. Nxg6 hxg6 17. Kh1 Rc8 18. g4 cxd4 19. exd4 b5 20. g5 Ne4 21. Qf4 Bc7 0-1

[Event "8th RTU Open 2018"]
[Site "Riga"]
[Date "2018.08.10"]
[Round "7"]
[White "Bluebaum, Karl Ernst"]
[Black "Lagunow, Raphael"]
[Result "1/2-1/2"]
[ECO "E04"]
[WhiteElo "2253"]
[BlackElo "2404"]
[Annotator "NA"]
[PlyCount "156"]
[EventDate "2018.08.06"]
[EventType "swiss"]
[EventCountry "LAT"]
[SourceTitle "playchess.com"]
[Source "ChessBase"]
[SourceQuality "1"]
[TimeControl "5400+30"]

1. d4 Nf6 2. c4 e6 3. Nf3 d5 4. g3 dxc4 5. Bg2 Bb4+ 6. Bd2 a5 7. O-O O-O 8. a3 Bxd2 9. Nbxd2 b5 10. a4 c6 11. Qb1 Nbd7 12. Rc1 Ba6 13. e4 h6 14. b3 cxb3 15. Nxb3 bxa4 16. Rxa4 Bb5 17. Ra1 a4 18. Nc5 Nxc5 19. Rxc5 Nd7 20. Rc3 Qa5 21. Qc1 Nf6 22. Ne5 Rfd8 23. Rc5 Qb4 24. d5 Nxe4 25. Bxe4 Qxe4 26. Nxc6 Bxc6 27. dxc6 Rac8 28. Rc4 Qf3 29. Rc3 Rd1+ 30. Qxd1 Qxc3 31. Qxa4 Rxc6 32. Rd1 Qf3 33. Re1 Qd5 34. h4 h5 35. Rd1 Qf3 36. Re1 Kh7 37. Qe4+ Qxe4 38. Rxe4 Kg6 39. Kg2 f6 40. Ra4 e5 41. Kf3 Kf5 42. Ra7 g6 43. Ra3 Rc4 44. Kg2 g5 45. hxg5 Kxg5 46. Ra8 h4 47. gxh4+ Kxh4 48. Kf3 Kg5 49. Kg3 Rc3+ 50. Kg2 Kf4 51. Ra4+ e4 52. Rb4 f5 53. Ra4 Rd3 54. Rb4 Ke5 55. Rb5+ Rd5 56. Rb8 Kf4 57. Rb4 Rd2 58. Ra4 Re2 59. Rb4 Kg4 60. Ra4 Kf4 61. Rb4 Re1 62. Ra4 Rd1 63. Rb4 Ke5 64. Rb5+ Rd5 65. Rb8 f4 66. Re8+ Kf5 67. Rf8+ Kg4 68. Rg8+ Rg5 69. Re8 f3+ 70. Kf1 Kf4 71. Ke1 Re5 72. Rf8+ Rf5 73. Re8 Re5 74. Rf8+ Kg4 75. Kd2 Kh3 76. Rg8 e3+ 77. fxe3 f2 78. Ke2 Rxe3+ 1/2-1/2

[Event "8th RTU Open 2018"]
[Site "Riga"]
[Date "2018.08.10"]
[Round "7"]
[White "Semjonovs, Ilja"]
[Black "Gokerkan, Cem Kaan"]
[Result "0-1"]
[ECO "B91"]
[WhiteElo "2242"]
[BlackElo "2404"]
[Annotator "NA"]
[PlyCount "146"]
[EventDate "2018.08.06"]
[EventType "swiss"]
[EventCountry "LAT"]
[SourceTitle "playchess.com"]
[Source "ChessBase"]
[SourceQuality "1"]
[TimeControl "5400+30"]

1. e4 c5 2. Nf3 d6 3. d4 cxd4 4. Nxd4 Nf6 5. Nc3 a6 6. g3 e5 7. Nb3 Be7 8. Bg2 b5 9. O-O O-O 10. h3 Nbd7 11. f4 b4 12. Nd5 Nxd5 13. Qxd5 Qb6+ 14. Kh2 Bb7 15. Qd3 a5 16. Be3 Qc6 17. c4 bxc3 18. Qxc3 Qxc3 19. bxc3 Rfc8 20. Rfc1 a4 21. Nd2 Ba6 22. Bf1 Bxf1 23. Nxf1 Rab8 24. Rab1 h5 25. Rb4 Nf6 26. Rxa4 Ra8 27. Rxa8 Rxa8 28. Rc2 Nxe4 29. Nd2 Nxd2 30. Bxd2 f5 31. Be3 Kf7 32. Kg2 Ke6 33. Kf3 Ra4 34. fxe5 dxe5 35. h4 Rc4 36. Ke2 Rg4 37. Bf2 f4 38. gxf4 exf4 39. Rb2 Bxh4 40. Rb6+ Kf5 41. Rb5+ Kg6 42. Bxh4 Rxh4 43. Kf3 Rh3+ 44. Kxf4 Rxc3 45. Rb6+ Kh7 46. a4 Rc4+ 47. Kg5 Rc5+ 48. Kh4 g6 49. Ra6 Kh6 50. a5 Rc4+ 51. Kh3 Ra4 52. Ra8 Ra3+ 53. Kh2 Kg5 54. a6 Kh4 55. a7 Ra2+ 56. Kg1 g5 57. Rc8 Rxa7 58. Rc2 Ra1+ 59. Kg2 g4 60. Rb2 Ra5 61. Rc2 Kg5 62. Rb2 h4 63. Rb1 Ra2+ 64. Kh1 h3 65. Rc1 g3 66. Rb1 Rd2 67. Ra1 Kf4 68. Rb1 Ke3 69. Re1+ Kd3 70. Ra1 Ke2 71. Rg1 Rd1 72. Rxd1 Kxd1 73. Kg1 Ke2 0-1

[Event "8th RTU Open 2018"]
[Site "Riga"]
[Date "2018.08.10"]
[Round "7"]
[White "Mierins, Eriks"]
[Black "Pershin, Denis"]
[Result "1-0"]
[ECO "B12"]
[WhiteElo "2235"]
[BlackElo "2403"]
[Annotator "NA"]
[PlyCount "113"]
[EventDate "2018.08.06"]
[EventType "swiss"]
[EventCountry "LAT"]
[SourceTitle "playchess.com"]
[Source "ChessBase"]
[SourceQuality "1"]
[TimeControl "5400+30"]

1. e4 c6 2. d4 d5 3. e5 Bf5 4. Bd3 Bxd3 5. Qxd3 e6 6. f4 g6 7. Nf3 h5 8. Be3 Nh6 9. Nc3 Nf5 10. Bf2 Qa5 11. a3 Na6 12. Kd2 Nc7 13. b4 Qa6 14. Qxa6 Nxa6 15. Na4 Nc7 16. g3 a5 17. c3 b5 18. Nb2 Be7 19. h3 Kd7 20. Nd3 axb4 21. axb4 Ra4 22. Rxa4 bxa4 23. Ng5 Bxg5 24. fxg5 a3 25. Nc5+ Ke7 26. Ra1 Nb5 27. Be1 Ra8 28. Ra2 Kf8 29. Kd3 Ne7 30. Bd2 Nc8 31. Nb7 Nb6 32. Na5 Na4 33. Kc2 Nb2 34. Kb3 Nd3 35. Nxc6 Rc8 36. c4 Nc7 37. b5 dxc4+ 38. Kxc4 Nb2+ 39. Kc5 Na4+ 40. Kb4 Nb6 41. Rxa3 Ncd5+ 42. Kb3 Nc7 43. Bb4+ Kg7 44. Na7 Ra8 45. Bd6 Ncd5 46. Bc5 Nd7 47. Nc6 Rc8 48. Ra7 Nc7 49. Kc4 Nxc5 50. dxc5 Nd5 51. Nd4 Ne3+ 52. Kb4 Nd5+ 53. Ka5 Kf8 54. c6 Rd8 55. b6 Ne7 56. Rxe7 Kxe7 57. b7 1-0